AoeStats
← mateakd2013

MegaRandom

510582004Analyzed
4v4 RM · 1d ago on Oct 1, 2026· 36m 4s· 8 players
Game mode
Random Map
Map size
Large (8 player)
Population
200
Speed
Normal
Resources
Standard
Victory
Conquest
Starting age
Dark Age
Ending age
Imperial Age
RankedLock teamsTeams togetherTeam positionsShared explorationLock speedFull tech treeHidden civsTurbo modeCheats
Victory
Defeat
🇬🇷 Byzantines · Greece
932
+12
🇹🇷 Turks · Türkiye
871
+15
🇸🇮 Khmer · Slovenia
768
+19
🇬🇷 Danes · Greece
765
+19
🇦🇷 Poles · Argentina
901
-19
🇧🇷 Khmer · Brazil
836
-16
🇧🇷 Saxons · Brazil
835
-16
🇦🇷 Sicilians · Argentina
785
-14
Mikro
11:45 Feudal Age
16:09 Castle Age
14:29 Double-Bit Axe
15:21 Horse Collar
17:55 Wheelbarrow
18:03 Bow Saw
18:53 Heavy Plow
21:40 Gold Mining
21:42 Stone Mining
26:39 Hand Cart
28:32 Gold Shaft Mining
32:48 Imperial Age
30:04 Loom
30:04 Town Watch
31:02 Forging
30:52 Scale Mail Armor
30:42 Fletching
32:30 Iron Casting
34:35 Two-Man Saw
34:06 Crop Rotation
33:55 Town Patrol
34:21 Conscription
33:24 Shield Wall
33:25 Elite Hearth Troop
34:41 Hoardings
34:40 Clerical Recruitment
xime
6:14 Loom
13:20 Feudal Age
17:35 Castle Age
15:36 Double-Bit Axe
mateakd2013
11:54 Feudal Age
16:37 Castle Age
17:58 Double-Bit Axe
19:12 Bow Saw
19:49 Bloodlines
19:40 Husbandry
24:01 Scale Barding Armor
29:05 Horse Collar
36:19 Imperial Age
Sardinha
14:27 Feudal Age
17:19 Castle Age
15:18 Horse Collar
15:35 Double-Bit Axe
17:34 Wheelbarrow
19:24 Heavy Plow
19:38 Bow Saw
21:02 Stone Mining
26:13 Gold Mining
27:03 Stone Shaft Mining
31:44 Light Cavalry
36:44 Imperial Age
35:53 Tusk Swords
sestan.milanmilan
10:56 Feudal Age
10:02 Loom
12:44 Wheelbarrow
11:59 Double-Bit Axe
14:59 Gold Mining
15:42 Stone Mining
20:08 Castle Age
21:31 Hand Cart
22:10 Town Watch
23:19 Bow Saw
24:18 Gold Shaft Mining
25:12 Stone Shaft Mining
30:03 Imperial Age
30:08 Cavalier
Mr Seymour Guado
13:54 Feudal Age
15:11 Wheelbarrow
14:26 Double-Bit Axe
15:30 Horse Collar
15:45 Loom
16:12 Gold Mining
20:03 Stone Mining
28:06 Castle Age
27:22 Forging
27:15 Scale Mail Armor
27:13 Fletching
27:24 Padded Archer Armor
28:11 Arson
29:16 Thumb Ring
29:51 Iron Casting
30:15 Gold Shaft Mining
29:57 Heavy Plow
30:07 Elite Skirmisher
31:07 Chain Mail Armor
30:50 Bodkin Arrow
31:48 Hand Cart
33:01 Squires
33:45 Leather Archer Armor
38:18 Imperial Age
Zedarr
0:34 Loom
14:20 Feudal Age
15:18 Double-Bit Axe
15:16 Horse Collar
19:31 Castle Age
19:00 Bloodlines
20:01 Stone Mining
22:03 Husbandry
24:07 Gold Mining
26:39 Gold Shaft Mining
32:20 Imperial Age
33:17 Artillery
33:38 Conscription
35:13 Padded Archer Armor
&===()=Yoritomo====-
5:46 Loom
15:41 Feudal Age
21:26 Castle Age
19:06 Man-at-Arms
19:54 Arson
21:24 Forging
22:13 Long Swordsman
22:43 Gambesons
23:05 Squires
25:38 Scale Mail Armor
31:57 Fletching
Connection lost

Rejoining the realm…

Still unreachable

The connection could not be restored.

Session expired

The server has moved on; the page needs a fresh start.